 Dungeon Crawl Stone Soup version 0.32-a0-893-gf85d74f360 (webtiles) character file.

Game seed: 11013255359998258396

46 Biggs the Slasher (level 3, 0/27 HPs)
             Began as a Coglin Gladiator on Apr 3, 2024.
             Slain by an orc wizard
             ... wielding a +0 dagger
              (4 damage)
             ... on level 3 of the Dungeon.
             The game lasted 00:02:00 (1390 turns).

Biggs the Slasher (Coglin Gladiator)                Turns: 1390, Time: 00:02:00

Health: 0/27       AC:  7    Str: 14    XL:     3   Next: 68%
Magic:  3/3        EV: 10    Int:  7    God:
Gold:   82         SH:  0    Dex: 17    Spells: 2/2 levels left

rFire   . . .        a - +0 long sword {Renate}
rCold   . . .        f - +0 dagger {Ahumratum}
rNeg    . . .        j - +0 ring mail
rPois   .            c - +0 helmet
rElec   .            (no cloak)
rCorr   .            n - +0 pair of gloves
SInv    .            (no boots)
Will    .....        (amulet unavailable)
Stlth   +            (ring unavailable)
HPRegen 0.24/turn    (ring unavailable)
MPRegen 0.08/turn    (no gizmo)

%: no passive effects
@: revving
A: off-hand wielding, slow wielding, warmup strikes, no jewellery
a: Invent Gizmo, Convert to Beogh


You were on level 3 of the Dungeon.
You visited 1 branch of the dungeon, and saw 3 of its levels.

You collected 82 gold pieces.

Inventory:

Hand Weapons
 a - a +0 long sword (weapon) {Renate}
 f - a +0 dagger (offhand) {Ahumratum}
Missiles
 d - 3 throwing nets (quivered)
 e - a javelin
Armour
 c - a +0 helmet (worn)
 j - a +0 ring mail (worn)
 n - a +0 pair of gloves (worn)
Scrolls
 g - a scroll of fog {unknown}
 h - a scroll of identify {unknown}
 m - a scroll of summoning {unknown}
Potions
 i - a potion of attraction {unknown}
 k - a potion of cancellation {unknown}
 l - a potion of degeneration {unknown}


   Skills:
 - Level 2.0 Fighting
 + Level 4.5 Long Blades
 - Level 1.7 Throwing
 - Level 2.6 Dodging


You had 2 spell levels left.
You didn't know any spells.
Your spell library contained the following spells:

 Spells                   Type           Power      Damage    Failure   Level
 Teleport Other           Tloc           0%         N/A       96%         3
 Dispersal                Tloc           0%         N/A       100%        6
 Gell's Gavotte           Tloc           0%         2d(11-16) 100%        6


Dungeon Overview and Level Annotations

Branches:
Dungeon (3/15)

Altars:
Ru


Innate Abilities, Weirdness & Mutations

You can wield a second weapon in your off-hand.
It takes a long time for you to wield or remove held weapons.
Your first few attacks do less damage.
You cannot equip rings or amulets.


Message History

Unknown command.
You hit the giant cockroach with your +0 dagger.
The giant cockroach is severely wounded.
You hit the giant cockroach with your +0 long sword.
You kill the giant cockroach!
The bat closely misses you. The rat bites you but does no damage.
The orc hits you but does no damage. The kobold barely misses you.
The orc priest barely misses you.
The orc priest invokes the aid of Beogh against you.
Beogh smites you! The rat barely misses you.
The orc priest threatens, "Beogh's wrath is as vast as their mercy.
Make your choice!" (press Y on the ability menu to convert to Beogh)
You hit the orc priest but do no damage.
You closely miss the orc priest with your +0 dagger.
Something hits you but does no damage. The rat bites you.
The orc priest shouts, "Beogh offers mercy even to people such as you.
Join us and be reborn!"
The orc priest hits you but does no damage.
The kobold hits you with a +0 whip.
* * * LOW HITPOINT WARNING * * *
You barely miss the orc priest with your +0 long sword.
You closely miss the orc priest with your +0 dagger.
Something hits you.
* * * LOW HITPOINT WARNING * * *
The rat closely misses you. The orc priest misses you.
The kobold hits you but does no damage.
Unknown command.
You hit the orc priest with your +0 long sword.
The orc priest threatens, "Beogh's wrath is as vast as their mercy.
Make your choice!"
The orc priest is lightly wounded.
You hit the orc priest with your +0 dagger.
Something hits you but does no damage. The rat bites you but does no damage.
The orc priest hits you with a +0 hand axe.
* * * LOW HITPOINT WARNING * * *
The kobold hits you but does no damage.
You hit the orc priest with your +0 long sword.
The orc priest is heavily wounded.
You hit the orc priest but do no damage.
The orc priest threatens, "Beogh's wrath is as vast as their mercy.
Make your choice!" Something hits you.
You die...

#..## ##..# ##.#
.. #.## ..
#..#### .#
##....# ..#
####.##.# #....#
##@o#####
#{rKb...#
.....ooS(...#
>..............
......##########
...... .....#
..... ...


You could see an orc priest, 2 orcs, a bat, a ball python, a kobold and a rat.

Vanquished Creatures
  3 bats
  11 endoplasms
  A giant cockroach (D:3)
  3 goblins
  7 hobgoblins
  4 kobolds (D:1)
  5 ball pythons
  A frilled lizard (D:1)
  4 rats
39 creatures vanquished.

Notes
Turn   | Place    | Note
-------+----------+-------------------------------------------
     0 | D:1      | Biggs the Coglin Gladiator began the quest for the Orb.
     0 | D:1      | Reached XP level 1. HP: 16/16 MP: 1/1
   113 | D:1      | Reached XP level 2. HP: 20/22 MP: 2/2
   212 | D:1      | Found a faded altar of an unknown god.
   515 | D:1      | Reached skill level 4 in Long Blades
   553 | D:1      | Reached XP level 3. HP: 24/27 MP: 3/3
  1061 | D:2      | Found a sacrificial altar of Ru.
  1390 | D:3      | Slain by an orc wizard

Illustrated notes

Levels and vault maps discovered:
D:1:      lightli_arrival_lavapool, layout_basic,
          ebering_ecumenical_altar_petrified, chequers_serial_rivers_marsh
D:2:      layout_basic, basic_altar
D:3:      layout_rooms, minitemple

Skill      XL: |  1  2 |
---------------+-------+-----
Long Blades    | 4 |  4.5
Fighting       | |  2.0
Throwing       | |  1.7
Dodging        | |  2.6

Action                     || total
---------------------------++-------
  Melee: Long sword        ||    60
         Dagger            ||    49
   Stab: Sleeping          ||     4
 Armour: Leather armour    ||    21
         Ring mail         ||    34
  Dodge: Dodged            ||    45

Table legend: (Time is in decaauts)
 A = Elapsed time spent in this place.
 B = Non-inter-level travel time spent in this place.
 C = Inter-level travel time spent in this place.
 D = Time resting spent in this place.
 E = Time spent auto-exploring this place.
 F = Levels seen in this place.
 G = Mean time per level.
                   A        B        C        D        E       F      G
               +--------+--------+--------+--------+--------+-----+--------+
         Total |   1395 |   1321 |     74 |      0 |   1069 |   3 |  465.0 |
       Dungeon |   1395 |   1321 |     74 |      0 |   1069 |   3 |  465.0 |
               +--------+--------+--------+--------+--------+-----+--------+

Top non-repeatable levels by time:
     D:1: 890 daAuts
     D:2: 414 daAuts
     D:3: 90 daAuts
